 Dungeon Crawl Stone Soup version 0.30-a0-920-g7493c07aab (webtiles) character file.

Game seed: 10668428025079302088

67 123deadman the Covered (level 4, 0/35 HPs)
             Began as a Human Fighter on Mar 21, 2023.
             Was an Initiate of Yredelemnul.
             Killed by nerve-wracking pain
             ... invoked by an orc priest
              (3 damage)
             ... on level 2 of the Dungeon.
             The game lasted 00:03:39 (763 turns).

123deadman the Covered (Human Fighter)               Turns: 763, Time: 00:03:39

Health: 0/35       AC:  6    Str: 18    XL:     4   Next: 38%
Magic:  3/5        EV:  9    Int:  9    God:    Yredelemnul [......]
Gold:   28         SH:  4    Dex: 12    Spells: 4/4 levels left

rFire   . . .      SeeInvis .    j - +2 dagger (speed)
rCold   . . .      Faith    .    c - +0 buckler
rNeg    . . .      Spirit   .    b - +0 scale mail
rPois   .          Reflect  .    (no helmet)
rElec   .          Rampage  .    (no cloak)
rCorr   .                        (no gloves)
Will    .....                    (no boots) Stlth
                                 (no amulet)
HPRegen 0.25/turn                k - ring of wizardry
MPRegen 0.09/turn                (no ring)

@: mighty
A: no striking features
a: Renounce Religion, Recall Undead Harvest


You were on level 2 of the Dungeon.
You worshipped Yredelemnul.
Yredelemnul was noncommittal.
You visited 1 branch of the dungeon, and saw 3 of its levels.

You collected 28 gold pieces.

Inventory:

Hand Weapons
 a - a +0 war axe
 g - a +1 spear of venom
 h - a +0 dagger of speed
 j - a +2 dagger of speed (weapon)
Missiles
 i - 6 curare-tipped darts (quivered)
Armour
 b - a +0 scale mail (worn)
 c - a +0 buckler (worn)
Jewellery
 k - a ring of wizardry (left hand)
Scrolls
 e - a scroll of identify {unknown}
 m - a scroll of poison {unknown}
Potions
 d - 2 potions of might
 f - 2 potions of heal wounds {unknown}
 l - 2 potions of resistance {unknown}


   Skills:
 + Level 3.2 Fighting
 + Level 1.5 Short Blades
 + Level 2.0(2.1) Axes
 + Level 0.6(1.4) Polearms
 + Level 3.5 Armour
 + Level 0.1 Dodging
 + Level 3.3 Shields
 * Level 0.7 Spellcasting


You had 4 spell levels left.
You didn't know any spells.
Your spell library contained the following spells:

 Spells                   Type           Power      Damage    Failure   Level
 Sting                    Tmut/Pois      0%         1d3       50%         1
 Mephitic Cloud           Conj/Pois/Air  0%         N/A       86%         3
 Spider Form              Tmut/Pois      0%         N/A       86%         3
 Alistair's Intoxication  Tmut/Pois      0%         N/A       100%        5
 Summon Forest            Summ/Tloc      0%         N/A       100%        5
 Summon Mana Viper        Hex/Summ       0%         N/A       100%        5
 Summon Cactus Giant      Summ           0%         N/A       100%        6


Dungeon Overview and Level Annotations

Branches:
Dungeon (3/15)

Altars:
Yredelemnul


Message History

You kill the orc priest!
The dead are walking!
You have reached level 4!
You feel clever.
The orc priest hits you but does no damage.
You hit the orc priest.
The orc priest is moderately wounded.
The orc priest hits you but does no damage.
Your orc priest zombie barely misses the orc priest.
You barely miss the orc priest.
The orc priest is moderately wounded.
The orc priest hits you with a +0 whip.
You completely miss the orc priest.
The orc priest is moderately wounded.
Your orc priest zombie hits the orc priest.
You hit the orc priest.
The orc priest is moderately wounded.
The orc priest hits you with a +0 whip.
You completely miss the orc priest.
The orc priest is moderately wounded.
Your orc priest zombie hits the orc priest but does no damage.
The orc priest hits you with a +0 whip.
You completely miss the orc priest.
The orc priest is moderately wounded.
Your orc priest zombie hits the orc priest but does no damage.
You hit the orc priest.
The orc priest is heavily wounded.
The orc priest misses you.
You hit the orc priest but do no damage.
The orc priest is heavily wounded.
Your orc priest zombie closely misses the orc priest.
The orc priest calls down the wrath of Beogh upon you.
Beogh smites you!
* * * LOW HITPOINT WARNING * * *
Unknown command.
You feel very mighty all of a sudden.
The orc priest invokes the aid of Beogh against you.
Pain shoots through your body!
You die...
Your body rises from the dead as a mindless zombie.

#####################
#..........)........#
#...................#
#...................#
#...................#
#...................###
##.....................
####Zo.....###########
#>.@......).........
########.###########
###......###########
#..........#........
#...................
#..........#........
#..........#........
##.........'........
#.........#...†....


You could see an orc priest (ally target) and a friendly orc priest zombie.

Vanquished Creatures
  An orc priest (D:2)
  An adder (D:2)
  A worm (D:2)
  A dart slug (D:2)
  An orc (D:2)
  3 endoplasms (D:2)
  A giant cockroach (D:2)
  A hobgoblin (D:2)
  6 kobolds (D:2)
  4 ball pythons (D:2)
  A frilled lizard (D:2)
  5 rats (D:2)
26 creatures vanquished.

Notes
Turn   | Place    | Note
-------+----------+-------------------------------------------
     0 | D:1      | 123deadman the Human Fighter began the quest for the Orb.
     0 | D:1      | Reached XP level 1. HP: 18/18 MP: 1/1
   229 | D:2      | Reached XP level 2. HP: 22/24 MP: 2/2
   346 | D:2      | Got the Quarto of the Scorpion
   517 | D:2      | Reached XP level 3. HP: 25/29 MP: 3/3
   668 | D:2      | Reached skill level 1 in Short Blades
   677 | D:2      | Found a faded altar of an unknown god.
   687 | D:2      | Prayed at the altar of an unknown god.
   687 | D:2      | Became a worshipper of Yredelemnul the Dark
   687 | D:2      | Reached * piety under Yredelemnul
   754 | D:2      | Reached XP level 4. HP: 24/35 MP: 3/5
   763 | D:2      | Killed from afar by an orc priest

Illustrated notes

Levels and vault maps discovered:
D:1:      dpeg_arrival_circle_labyrinth_a, layout_basic
D:2:      layout_basic, basic_ecumenical_altar, grunt_ministairs_7
D:3:      layout_basic, nicolae_overflow_hidden_temple, chequers_mini_garden,
          minmay_starry_boxes, uniq_grinder

Skill      XL: |  1  2  3 |
---------------+----------+-----
Short Blades   | 1 |  1.5
Fighting       | |  3.2
Axes           | |  2.0
Polearms       | |  0.6
Armour         | |  3.5
Dodging        | |  0.1
Shields        | |  3.3
Spellcasting   | |  0.7

Action                     |  1- 3 |  4- 6 || total
---------------------------+-------+-------++-------
  Melee: Spear             |    11 |       ||    11
         Dagger            |    85 |     8 ||    93
  Throw: Dart              |     1 |       ||     1
    Use: Potion            |       |     1 ||     1
 Armour: Scale mail        |    19 |     2 ||    21
  Dodge: Dodged            |    29 |     1 ||    30
  Block: Buckler           |     8 |       ||     8

Table legend: (Time is in decaauts)
 A = Elapsed time spent in this place.
 B = Non-inter-level travel time spent in this place.
 C = Inter-level travel time spent in this place.
 D = Time resting spent in this place.
 E = Time spent auto-exploring this place.
 F = Levels seen in this place.
 G = Mean time per level.
                   A        B        C        D        E       F      G
               +--------+--------+--------+--------+--------+-----+--------+
         Total |    732 |    732 |      0 |      0 |    261 |   3 |  244.0 |
       Dungeon |    732 |    732 |      0 |      0 |    261 |   3 |  244.0 |
               +--------+--------+--------+--------+--------+-----+--------+

Top non-repeatable levels by time:
     D:2: 531 daAuts
     D:1: 199 daAuts
     D:3: 1 daAuts
